 Dungeon Crawl Stone Soup version 0.18.1-48-g4cf74bf (webtiles) character file.

226 Heedrag the Conjurer (level 5, 0/28 HPs)
             Began as a Deep Elf Conjurer on Aug 3, 2016.
             Slain by a gnoll
             ... wielding a +0 flail
              (12 damage)
             ... on level 3 of the Dungeon.
             The game lasted 00:06:19 (2201 turns).

Heedrag the Conjurer (Deep Elf Conjurer)            Turns: 2201, Time: 00:06:19

Health: 0/28       AC:  4    Str:  6    XL:     5   Next: 69%
Magic:  1/14       EV: 13    Int: 20    God:
Gold:   130        SH:  0    Dex: 15    Spells: 4 memorised, 1 level left

rFire  . . .     SeeInvis .     j - +0 dagger (speed)
rCold  . . .     Gourm    .     a - +0 robe
rNeg   . . .     Faith    .     (no shield)
rPois  .         Spirit   .     p - +0 helmet
rElec  .         Dismiss  .     (no cloak)
rCorr  .         Reflect  .     r - +0 pair of gloves
SustAt .         Harm     .     (no boots)
MR     .....                    (no amulet)
Stlth  ++........               (no ring)
                                (no ring)

@: very slightly contaminated, not resistant to hostile enchantments, unstealthy
A: no striking features
a: no special abilities


You were on level 3 of the Dungeon.
You were not hungry.

You visited 1 branch of the dungeon, and saw 3 of its levels.

You collected 130 gold pieces.

Inventory:

Hand Weapons
 j - a +0 dagger of speed (weapon)
Armour
 a - a +0 robe (worn)
 p - a +0 helmet (worn)
 r - a +0 pair of gloves (worn)
Scrolls
 f - a scroll of noise {unknown}
 h - 2 scrolls of teleportation {unknown}
 i - a scroll of magic mapping {unknown}
 k - 2 scrolls of identify {unknown}
 u - a scroll of remove curse {unknown}
Potions
 e - a potion of degeneration {unknown}
 g - 2 potions of curing {unknown}
 m - a potion of resistance {unknown}
 o - 2 potions of agility {unknown}
 q - a potion of flight {unknown}
 t - a potion of heal wounds {unknown}
Books
 b - a book of Conjurations

   Spells                             Type                      Level
   a - Magic Dart                     Conjuration                  1
   b - Searing Ray                    Conjuration                  2
   c - Dazzling Spray                 Conjuration/Hexes            3
   d - Fulminant Prism                Conjuration/Hexes            4
   e - Iskenderun's Mystic Blast      Conjuration                  4
   f - Iskenderun's Battlesphere      Conjuration/Charms           5
Comestibles
 c - 5 bread rations
 d - a meat ration
 l - 2 fruits
 n - 7 chunks of flesh
 s - a slice of pizza


   Skills:
 - Level 2.4 Dodging
 - Level 2.4 Stealth
 + Level 5.0 Spellcasting
 * Level 6.5 Conjurations
 + Level 2.3 Charms


You had one spell level left.
You knew the following spells:

 Your Spells              Type           Power        Failure   Level  Hunger
a - Magic Dart            Conj           ####         1%          1    None
b - Dazzling Spray        Conj/Hex       ###...       10%         3    ##.....
c - Iskenderun's Mystic   Conj           ####....     10%         4    ####...
d - Iskenderun's Battles  Conj/Chrm      ###.....     58%         5    #####..


Dungeon Overview and Level Annotations

Branches:
Dungeon (3/15)

Altars:
Cheibriados
Elyvilon
The Shining One


Message History

Tha magic dart hits tha worm.
Ye kill tha worm!
Castin': Magic Dart Confirm wit' . or Enter, or press ? or * ta list all spells.
Ye cannae see any susceptible monsters within range! (Use Z ta cast anyway.) Unknown command.
Tha gnoll hits ye wit' a flail!
Ye see 'ere a worm corpse.
Ye butcher tha worm corpse.
Ye see 'ere 3 chunks o' flesh.
Unknown command.
Castin': Magic Dart Confirm wit' . or Enter, or press ? or * ta list all spells.
Aimin': Magic Dart
Press: ? - help, Shift-Dir - straight line, f - gnoll
Aim: a gnoll, wieldin' a flail Ye miscast Magic Dart.
Ye be very lightly contaminated wit' residual magic.
Nuthin' appears ta happ'n.
Tha gnoll hits ye wit' a flail!
Ye die...

##).#.#.#
........####.
##..#........
.......## ..
....##.#### .
....##....#
#.
...######.#
#.### #....
#.# #.g.# #
#.###
#.######@##.#
#.#
#......)....#
#.
########.####
#. #.# #.#
#.# ).# ###


You could see a gnoll.

Vanquished Creatures
  A gnoll shaman (D:3)
  Ijyb (D:2)
  5 gnolls
  3 adders
  An ooze (D:1)
  A worm (D:3)
  2 dart slugs
  2 giant geckos (D:2)
  4 orcs (D:3)
  9 bats
  A giant cockroach (D:1)
  12 goblins
  9 hobgoblins
  11 jackals
  2 ball pythons
  4 giant newts
  4 kobolds
  10 rats
82 creatures vanquished.

Notes
Turn   | Place    | Note
--------------------------------------------------------------
     0 | D:1      | Heedrag the Deep Elf Conjurer began the quest for the Orb.
     0 | D:1      | Reached XP level 1. HP: 10/10 MP: 6/6
   115 | D:1      | Reached XP level 2. HP: 9/15 MP: 6/8
   207 | D:1      | Reached skill level 5 in Conjurations
   514 | D:1      | Reached XP level 3. HP: 19/19 MP: 6/10
   552 | D:1      | Learned a level 3 spell: Dazzling Spray
   675 | D:2      | Noticed Ijyb
   683 | D:2      | Killed Ijyb
   715 | D:2      | Found a faded altar to an unknown god.
   798 | D:2      | Found a glowing golden altar of the Shining One.
   882 | D:2      | Reached XP level 4. HP: 24/24 MP: 8/12
   932 | D:2      | Learned a level 4 spell: Iskenderun's Mystic Blast
   976 | D:2      | Reached skill level 6 in Conjurations
  1089 | D:2      | Found a white marble altar of Elyvilon.
  1550 | D:3      | Reached XP level 5. HP: 28/28 MP: 10/14
  1575 | D:2      | Learned a level 5 spell: Iskenderun's Battlesphere
  1627 | D:3      | Reached skill level 1 in Charms
  1834 | D:3      | Found a snail-covered altar of Cheibriados.
  2168 | D:3      | Reached skill level 5 in Spellcasting
  2201 | D:3      | Slain by a gnoll

Skill      XL: |  1  2  3  4  5 |
---------------+----------------+-----
Conjurations   | 5 6 |  6.5
Spellcasting   | 4 5 |  5.0
Charms         | 2 |  2.3
Dodging        | |  2.4
Stealth        | |  2.4

Action                   |  1- 3 |  4- 6 || total
-------------------------+-------+-------++-------
Melee: Dagger            |     2 |    10 ||    12
 Cast: Magic Dart        |    59 |   106 ||   165
       Dazzling Spray    |       |     1 ||     1
 Stab: Sleeping          |     1 |       ||     1
  Eat: Chunk             |       |     4 ||     4
Armor: Robe              |     1 |     9 ||    10
Dodge: Dodged            |     5 |    22 ||    27
